 Dungeon Crawl Stone Soup version 0.25-a0-614-g73ad250 (webtiles) character file.

Game seed: 18011242569375590403, levelgen mode: deterministic

49 Faca the Skirmisher (level 4, 0/37 HPs)
             Began as a Human Fighter on Mar 17, 2020.
             Slain by Sigmund
             ... wielding a +0 scythe
              (5 damage)
             ... on level 2 of the Dungeon.
             The game lasted 00:02:33 (1501 turns).

Faca the Skirmisher (Human Fighter)                 Turns: 1501, Time: 00:02:33

Health: 0/37       AC:  6    Str: 18    XL:     4   Next: 2%
Magic:  4/4        EV:  7    Int:  8    God:
Gold:   43         SH:  0    Dex: 12    Spells: 3/3 levels left

rFire    . . .     SeeInvis .   a - +0 long sword
rCold    . . .     Gourm    .   c - +0 kite shield
rNeg     . . .     Faith    .   b - +0 scale mail
rPois    .         Spirit   .   (no helmet)
rElec    .         Reflect  .   e - scarf {repulsion}
rCorr    .         Harm     .   (no gloves)
MR       .....                  (no boots)
Stlth    ..........             (no amulet)
HPRegen  0.12/turn              (no ring)
MPRegen  0.09/turn              (no ring)

@: confused, mighty, lethally poisoned (0 -> -3), repel missiles
A: no striking features
a: no special abilities


You were on level 2 of the Dungeon.
You were not hungry.

You visited 1 branch of the dungeon, and saw 2 of its levels.

You collected 43 gold pieces.

Inventory:

Hand Weapons
 a - a +0 long sword (weapon)
 h - a cursed +0 rapier
Missiles
 g - 8 poisoned darts (quivered)
Armour
 b - a +0 scale mail (worn)
 c - a +0 kite shield (worn)
 e - a scarf of repulsion (worn)
Scrolls
 i - 2 scrolls of identify
Potions
 j - a potion of mutation
Comestibles
 f - 2 rations


   Skills:
 + Level 3.9 Fighting
 + Level 3.1 Long Blades
 - Level 3.0 Armour
 - Level 3.0 Shields


You had 3 spell levels left.
You didn't know any spells.
Your spell library was empty.

Dungeon Overview and Level Annotations

Branches:
Dungeon (2/15)

Altars:

Annotations:
D:2 Sigmund


Message History

* * * LOW HITPOINT WARNING * * *
You feel very mighty all of a sudden.
* * * LOW HITPOINT WARNING * * *
You feel sick. The adder bites you but does no damage.
You closely miss the adder.
The adder is heavily wounded.
You block the adder's attack. Something hits you but does no damage.
The adder completely misses you.
You riposte.
You hit the adder.
You kill the adder!
You have reached level 4!
You feel stronger.
You feel sick.
You hear some strange, mumbled words.
You are confused.
You bump into the rock wall.
You feel sick.
You hear some strange, mumbled words.
You are more confused.
You bump into the rock wall.
You bump into the rock wall.
Something hits you.
You die...

##### #...########
###.#........#
#.S.#...####.##########
#.#####.....#.......†.#
#...#...####@########.#
######....### #..........#
...S((.>#.##
#.########.#######
######.###.## #.#
#........ ......## ##.#
#.## #.#######
######.###..# #..# #.# #
##.#^#.####..# ##.#######
##)##.......# #.........
#..........######..######.


There were no monsters in sight!

Vanquished Creatures
  2 adders (D:2)
  An ooze (D:2)
  3 giant cockroaches
  A goblin (D:1)
  5 hobgoblins
  3 jackals (D:1)
  A quokka (D:2)
  5 bats
  2 frilled lizards
  2 rats (D:2)
25 creatures vanquished.

Notes
Turn   | Place    | Note
-------+----------+-------------------------------------------
     0 | D:1      | Faca the Human Fighter began the quest for the Orb.
     0 | D:1      | Reached XP level 1. HP: 18/18 MP: 1/1
   273 | D:1      | Reached XP level 2. HP: 18/24 MP: 2/2
  1030 | D:2      | Reached XP level 3. HP: 25/29 MP: 3/3
  1455 | D:2      | Noticed Sigmund
  1495 | D:2      | Reached XP level 4. HP: 6/37 MP: 4/4
  1501 | D:2      | Slain by Sigmund

Levels and vault maps discovered:
D:1:      shiori_arrival_maze, layout_loops_corners,
          hangedman_decor_diamond_cutter, st_stairs_13, grunt_decor_one_mirror
D:2:      layout_loops_ring, lemuel_round_altar, chequers_serial_rivers_room_b,
          grunt_ministairs_11, minmay_misc_feat_five, okawaru_ov_weapons_minmay,
          uniq_sigmund

Skill      XL: |  1  2  3 |
---------------+----------+-----
Long Blades    | 3 |  3.1
Fighting       | |  3.9
Armour         | |  3.0
Shields        | |  3.0

Action                   |  1- 3 |  4- 6 || total
-------------------------+-------+-------++-------
Melee: Long sword        |    93 |       ||    93
Throw: Dart              |     6 |       ||     6
  Use: Scroll            |     4 |       ||     4
       Potion            |     1 |       ||     1
  Eat: Chunk             |     2 |       ||     2
Armor: Scale mail        |    44 |       ||    44
Dodge: Dodged            |    33 |       ||    33
Block: Kite shield       |    51 |       ||    51
       Rpst.: Long sword |    12 |       ||    12

Table legend:
 A = Non-vault XP
 B = Vault XP
 C = Vault XP percentage of total XP
 D = Non-vault monster count
 E = Vault monster count
 F = Vault count percentage of total count
                 A         B        C        D         E       F
            +---------+---------+-------+---------+---------+-------
      Total |      63 |       8 |  11.3 |      20 |       5 |  20.0
            +---------+---------+-------+---------+---------+-------
        D:1 |      16 |       5 |  23.8 |      10 |       3 |  23.1
        D:2 |      47 |       3 |   6.0 |      10 |       2 |  16.7
            +---------+---------+-------+---------+---------+-------
